 Dungeon Crawl Stone Soup version 0.28-a0-845-gfc338a8e3c (webtiles) character file.

Game seed: 8651584307470929843

79 Crownlay the Poker (level 4, -7/37 HPs)
             Began as a Minotaur Gladiator on Nov 12, 2021.
             Mangled by an orc warrior (15 damage)
             ... on level 4 of the Dungeon.
             The game lasted 00:03:12 (2104 turns).

Crownlay the Poker (Minotaur Gladiator)             Turns: 2104, Time: 00:03:13

Health: -7/37      AC:  8    Str: 23    XL:     4   Next: 17%
Magic:  3/3        EV: 11    Int:  5    God:
Gold:   23         SH:  0    Dex: 11    Spells: 3/3 levels left

rFire   . . .      SeeInvis .   a - +0 trident
rCold   + . .      Faith    .   (no shield)
rNeg    . . .      Spirit   .   n - +1 ring mail {rC+}
rPois   .          Reflect  .   c - +0 hat
rElec   .          Harm     .   (no cloak)
rCorr   .          Rampage  .   e - +1 pair of gloves {Str+3}
Will    .....                   (no boots)
Stlth   +.........              (no amulet)
HPRegen 0.12/turn               (no ring)
MPRegen 0.08/turn               (no ring)

@: no status effects
A: horns 2, retaliatory headbutt
a: no special abilities


You were on level 4 of the Dungeon.
You visited 1 branch of the dungeon, and saw 4 of its levels.

You collected 111 gold pieces.
You spent 88 gold pieces at shops.

Inventory:

Hand Weapons
 a - a +0 trident (weapon)
Missiles
 d - 3 throwing nets
 m - 2 poisoned darts (quivered)
Armour
 c - a +0 hat (worn)
 e - a +1 pair of gloves of strength (worn)
 n - a +1 ring mail of cold resistance (worn)
Scrolls
 g - a scroll of torment {unknown}
 i - 3 scrolls of identify
 p - a scroll of blinking {unknown}
 q - 2 scrolls of teleportation
 r - 5 scrolls of noise
 s - a scroll of fog
Potions
 f - a potion of brilliance {unknown}
 h - a potion of resistance {unknown}
 j - 2 potions of curing
 k - a potion of mutation {unknown}
 l - a potion of ambrosia {unknown}
 o - a potion of haste {unknown}
 t - a potion of berserk rage {unknown}
 u - 2 potions of magic {unknown}


   Skills:
 - Level 2.4 Fighting
 * Level 6.1 Polearms
 - Level 2.0 Throwing
 - Level 3.2 Dodging


You had 3 spell levels left.
You didn't know any spells.
Your spell library contained the following spells:

 Spells                   Type           Power      Damage    Failure   Level
 Slow                     Hex            0%         N/A       65%         1
 Confusing Touch          Hex            0%         N/A       95%         3
 Gell's Gravitas          Tloc           0%         N/A       95%         3
 Teleport Other           Tloc           0%         N/A       95%         3
 Vampiric Draining        Necr           0%         2d6       95%         3
 Dispersal                Tloc           0%         N/A       100%        6


Dungeon Overview and Level Annotations

Branches:
Dungeon (4/15)
 Temple: D:4-7

Altars:
Ashenzari

Shops:
D:3 !?==


Innate Abilities, Weirdness & Mutations

You have a pair of horns on your head.
You reflexively headbutt those who attack you in melee.


Message History

You hit the orc warrior.
The orc warrior is lightly wounded.
You barely miss the orc warrior. You headbutt the orc warrior.
The orc warrior is lightly wounded.
The orc warrior hits you with a +0 hand axe!
* * * LOW HITPOINT WARNING * * *
You hit the orc warrior but do no damage.
The orc warrior is lightly wounded.
The orc priest looks satisfied for a moment.
The orc warrior hits you with a +0 hand axe.
* * * LOW HITPOINT WARNING * * *
You hit the orc warrior but do no damage.
The orc warrior is lightly wounded.
The orc warrior closely misses you. You furiously retaliate!
You headbutt the orc warrior, but do no damage.
You hit the orc warrior. Your headbutt misses the orc warrior.
The orc warrior is lightly wounded.
The orc priest calls upon Beogh to heal the orc warrior.
The orc warrior's wounds heal themselves!
The orc warrior completely misses you. You furiously retaliate!
You headbutt the orc warrior!
You hit the orc warrior but do no damage.
You headbutt the orc warrior, but do no damage.
The orc warrior is moderately wounded.
The orc warrior closely misses you. You furiously retaliate!
You headbutt the orc warrior, but do no damage.
You feel better. The orc warrior misses you. You furiously retaliate!
You headbutt the orc warrior.
You hit the orc warrior but do no damage.
You headbutt the orc warrior, but do no damage.
The orc warrior is heavily wounded.
The orc warrior barely misses you.
You closely miss the orc warrior.
The orc warrior is heavily wounded.
The orc warrior hits you with a +0 hand axe.
* * * LOW HITPOINT WARNING * * *
You hit the orc warrior.
The orc warrior is severely wounded.
The orc warrior hits you with a +0 hand axe!
You die...

*,,,,,,**,≈,*#.........,**,,,,,
***,,,,******#.........,*******
****** #.........,*
#.........,***
*********#...).....,,,**
**,,,,,,,*#o........,*,,*
*,,,,,,,,*#oo†o.#******,*
******,*,*,***#o#####******+****
*,,,,,,,,,,*###@#####*,,≈*,,,*,≈
*,,,,,,,*####.......#*,,,*,,,*≈≈
*,,,,,,,*#..........#*≈≈≈*,,,*≈≈
*,,,,,,,*#..........#*****,,,***
*,*******#..........#*,,,,,,,,,,
*,* #..#######..+,,,,,,,,,, **,*
#..# *###,,,,,,,,,, ,,,* #..#
*****,,,*** **,* #..#*****
*,≈≈*,,,*≈≈


You could see an orc warrior, an orc priest and 2 orcs.

Vanquished Creatures
  2 adders
  2 dart slugs
  An orc (D:4)
  3 ball pythons
  7 bats
  6 endoplasms
  3 giant cockroaches
  4 goblins
  7 hobgoblins
  4 jackals (D:1)
  A quokka (D:3)
  3 frilled lizards
  2 kobolds
  6 rats
51 creatures vanquished.

Vanquished Creatures (others)
  4 fungi (D:4)
4 creatures vanquished.

Grand Total: 55 creatures vanquished

Notes
Turn   | Place    | Note
-------+----------+-------------------------------------------
     0 | D:1      | Crownlay the Minotaur Gladiator began the quest for the
                  | Orb.
     0 | D:1      | Reached XP level 1. HP: 18/18 MP: 0/0
   102 | D:1      | Reached skill level 4 in Polearms
   200 | D:1      | Reached XP level 2. HP: 25/25 MP: 1/1
   563 | D:1      | Reached skill level 5 in Polearms
   601 | D:1      | Reached XP level 3. HP: 30/30 MP: 2/2
   700 | D:1      | Found a faded altar of an unknown god.
  1588 | D:3      | Found Myetukk's Jewellery Emporium.
  1588 | D:3      | Found Qetated's Magic Scroll Shop.
  1605 | D:3      | Bought a scroll of identify for 22 gold pieces
  1605 | D:3      | Bought a scroll of noise for 11 gold pieces
  1605 | D:3      | Bought a scroll of fog for 22 gold pieces
  1732 | D:3      | Reached skill level 6 in Polearms
  1732 | D:3      | Reached XP level 4. HP: 28/37 MP: 3/3
  1877 | D:3      | Found a broken altar of Ashenzari.
  1970 | D:3      | Found Cammesh's Jewellery Boutique.
  1979 | D:3      | Found Tyiser's Distillery.
  1987 | D:3      | Bought a potion of curing for 33 gold pieces
  2086 | D:4      | Noticed an orc warrior
  2097 | D:4      | HP: 1/37 [orc warrior (4)]
  2104 | D:4      | Mangled by an orc warrior

Illustrated notes

Levels and vault maps discovered:
D:1:      shiori_shiawase, layout_basic, basic_ecumenical_altar
D:2:      layout_loops_ring
D:3:      layout_rooms, cheibrodos_ashenzari_chains, serial_shops,
          shop_fountains, shop_scrolls, nicolae_shop_stone, shop_fountains
D:4:      layout_basic, serial_aquarium, aquarium_bridge_straight
          [aquarium_subvault_bridge, aquarium_subvault_balcony,
          aquarium_subvault_bridge, aquarium_subvault_window],
          aquarium_window_fake, aquarium_window_fake, aquarium_view_2f,
          aquarium_pool_four, portal_sewer_entry_c, minmay_goblin_outpost,
          uniq_edmund

Skill      XL: |  1  2  3 |
---------------+----------+-----
Polearms       | 4 5 6 |  6.1
Fighting       | |  2.4
Throwing       | |  2.0
Dodging        | |  3.2

Action                   |  1- 3 |  4- 6 || total
-------------------------+-------+-------++-------
Melee: Trident           |    98 |    21 ||   119
       Headbutt          |    10 |     3 ||    13
Throw: Dart              |    22 |       ||    22
       Throwing net      |     3 |       ||     3
  Use: Scroll            |       |     3 ||     3
       Potion            |       |     1 ||     1
 Stab: Sleeping          |     2 |       ||     2
Armor: Leather armour    |     9 |       ||     9
       Ring mail         |    12 |     2 ||    14
Dodge: Dodged            |    40 |    10 ||    50

Table legend: (Time is in decaauts)
 A = Elapsed time spent in this place.
 B = Non-inter-level travel time spent in this place.
 C = Inter-level travel time spent in this place.
 D = Time resting spent in this place.
 E = Time spent auto-exploring this place.
 F = Levels seen in this place.
 G = Mean time per level.
                   A        B        C        D        E       F      G
               +--------+--------+--------+--------+--------+-----+--------+
         Total |   2105 |   1974 |    131 |      0 |   1645 |   4 |  526.2 |
       Dungeon |   2105 |   1974 |    131 |      0 |   1645 |   4 |  526.2 |
               +--------+--------+--------+--------+--------+-----+--------+

Top non-repeatable levels by time:
     D:1: 812 daAuts
     D:2: 694 daAuts
     D:3: 557 daAuts
     D:4: 41 daAuts
